AoeStats
← Bandolero

Hideout

509207617Analyzed
1v1 RM · 5d ago on Sep 25, 2026· 52m 18s· 2 players
Game mode
Random Map
Map size
Tiny (2 player)
Population
200
Speed
Normal
Resources
Standard
Victory
Conquest
Starting age
Dark Age
Ending age
Imperial Age
RankedLock teamsTeams togetherTeam positionsShared explorationLock speedFull tech treeHidden civsTurbo modeCheats
Victory
Defeat
🇦🇷 Bengalis · Argentina
1405
+19
🇨🇿 Gurjaras · Czechia
1468
-19
Bandolero
11:27 Feudal Age
13:18 Double-Bit Axe
16:00 Castle Age
14:41 Horse Collar
15:08 Loom
16:55 Bow Saw
18:45 Wheelbarrow
25:01 Gold Mining
25:02 Stone Mining
25:02 Town Watch
25:33 Hand Cart
26:50 Gold Shaft Mining
30:36 Imperial Age
28:10 Fletching
28:20 Padded Archer Armor
29:51 Leather Archer Armor
29:31 Bodkin Arrow
30:34 Ballistics
31:18 Paiks
31:42 Conscription
31:11 Elite Elephant Archer
33:09 Two-Man Saw
32:14 Bracer
33:57 Chemistry
34:58 Ring Archer Armor
38:07 Bloodlines
37:58 Husbandry
38:05 Scale Barding Armor
38:11 Forging
38:10 Light Cavalry
39:48 Chain Barding Armor
40:26 Masonry
41:00 Iron Casting
42:07 Plate Barding Armor
44:58 Heavy Plow
45:46 Elite Battle Elephant
49:03 Blast Furnace
Dunker_AC
10:43 Feudal Age
12:28 Double-Bit Axe
14:44 Castle Age
16:26 Bow Saw
16:49 Loom
18:57 Wheelbarrow
18:21 Horse Collar
21:10 Town Watch
21:48 Gold Mining
24:08 Heavy Plow
26:07 Hand Cart
28:26 Kshatriyas
32:27 Imperial Age
29:37 Elite Skirmisher
31:25 Forging
31:16 Scale Mail Armor
32:09 Ballistics
33:34 Iron Casting
33:15 Chain Mail Armor
33:06 Scale Barding Armor
33:12 Thumb Ring
34:29 Chemistry
34:01 Bloodlines
33:11 Light Cavalry
34:52 Conscription
34:28 Fletching
34:39 Padded Archer Armor
35:25 Plate Mail Armor
35:33 Onager
37:06 Elite Chakram Thrower
40:37 Bodkin Arrow
40:57 Leather Archer Armor
41:54 Bracer
42:21 Hussar
43:02 Husbandry
43:24 Chain Barding Armor
44:30 Treadmill Crane
45:00 Masonry
49:31 Plate Barding Armor
Connection lost

Rejoining the realm…

Still unreachable

The connection could not be restored.

Session expired

The server has moved on; the page needs a fresh start.